Map: Odyssey LE

Players

NoRegreT - Winner!

  • Race: Zerg Zerg
  • Spawn Location: 5:00

AdminA

  • Race: Protoss Protoss
  • Spawn Location: 11:00

Event: WCS Montreal 2017

VOD

Have the link to the VOD?

Description

Time

  • Played on: Sept. 8, 2017, 12:02 p.m.
  • Length: 4:05

All games in this series

Show
View Real Time Build Order
Export as new Build Order

NoRegreT Zerg - Winner!

Build Orders: Hatch First 

Get SALT Encoding   

  12  0:00  Drone  
  13  0:13  Overlord  
  13  0:23  Drone  
  14  0:32  Drone x2  
  16  0:42  Drone  
  17  0:55  Drone  
  18  0:59  Drone  
  18  1:02  Hatchery  
  18  1:07  Extractor  
  17  1:16  Spawning Pool  
  16  1:19  Drone  
  16  1:22  Drone  
  18  1:28  Drone  
  19  1:39  Overlord  
  19  1:50  Drone  
  20  2:03  Queen  
  20  2:06  Zergling x2  
  23  2:08  Metabolic Boost  
  23  2:11  Drone  
  24  2:24  Zergling x2  
  24  2:27  Queen  
  27  2:32  Zergling x2  
  28  2:37  Overlord  
  28  2:38  Zergling x2  
  28  2:39  Zergling x2  
  28  2:43  Zergling x2  
  31  2:49  Zergling x2  
  32  2:55  Zergling x2  
  33  2:58  Zergling x2  
  33  3:00  Evolution Chamber  
  33  3:11  Zergling x2  
  33  3:17  Zergling x8  
  33  3:19  Zergling x2  
  37  3:22  Drone  
  38  3:30  Drone  
  38  3:31  Drone  
  38  3:32  Hatchery  
  38  3:42  Zergling x2  
  38  3:43  Zergling x2  
  36  3:48  Drone x2  
  36  3:50  Drone x2  
  36  3:51  Drone x2  
Show
View Real Time Build Order
Export as new Build Order

AdminA Protoss 

Build Orders: 1 Gate Expand 

Get SALT Encoding   

  12  0:01  Probe (Chrono Boost)  
  13  0:11  Probe (Chrono Boost)  
  14  0:19  Pylon  
  14  0:22  Probe (Chrono Boost)  
  15  0:37  Probe (Chrono Boost)  
  15  0:38  Gateway  
  16  0:48  Probe (Chrono Boost)  
  17  0:50  Assimilator  
  17  0:58  Probe (Chrono Boost)  
  18  1:09  Probe (Chrono Boost)  
  19  1:20  Probe (Chrono Boost)  
  19  1:24  Nexus  
  20  1:34  Zealot (Chrono Boost)  
  22  1:42  Cybernetics Core  
  22  1:49  Probe  
  22  1:53  Assimilator  
  23  1:56  Pylon  
  23  2:14  Probe  
  24  2:22  Adept (Chrono Boost)  
  26  2:26  Probe  
  28  2:37  Mothership Core  
  28  2:38  Probe  
  30  2:50  Probe  
  31  2:56  Probe  
  32  3:00  Twilight Council  
  32  3:02  Probe  
  33  3:07  Probe  
  34  3:15  Probe  
  34  3:18  Probe  
  33  3:20  Robotics Facility  
  33  3:27  Probe  
  34  3:28  Probe  
  35  3:34  Pylon  
  35  3:39  Probe x2  
  35  3:45  Gateway  
  35  3:54  Pylon  
Tags
 
Add a new tag
Caveats
  • Supply blocks, unpowered buildings, or Contaminate may cause inaccurate times.
  • Supply counts are checked every 10 seconds.